 Dungeon Crawl Stone Soup version 0.32-a0-960-g3814254bd7 (webtiles) character file.

Game seed: 1146804226154035795

4875 trashops the Cleaver (level 10, -1/88 HPs)
             Began as a Mountain Dwarf Fighter on Apr 17, 2024.
             Was a Follower of Okawaru.
             Slain by a troll (4 damage)
             ... on level 9 of the Dungeon.
             The game lasted 00:12:46 (7856 turns).

trashops the Cleaver (Mountain Dwarf Fighter)       Turns: 7856, Time: 00:12:46

Health: -1/88      AC: 15    Str: 22    XL:     10   Next: 26%
Magic:  10/10      EV:  6    Int: 10    God:    Okawaru [*.....]
Gold:   340        SH:  0    Dex: 15    Spells: 9/9 levels left

rFire   . . .        a - +1 war axe (flame)
rCold   . . .        w - +2 buckler
rNeg    . . .        u - +0 plate armour
rPois   .            (no helmet)
rElec   .            (no cloak)
rCorr   .            (no gloves)
SInv    .            f - +0 pair of boots
Will    +....        (no amulet) Stlth
                     q - +6 ring of dexterity
HPRegen 0.34/turn    (no ring)
MPRegen 0.12/turn

%: no passive effects
@: confused, ambrosia-drunk
A: runic magic, artefact enchanting
a: Renounce Religion, Heroism


You were on level 9 of the Dungeon.
You worshipped Okawaru.
Okawaru was aware of your devotion.
You visited 2 branches of the dungeon, and saw 11 of its levels.
You also visited: Sewer.

You collected 505 gold pieces.
You spent 165 gold pieces at shops.

Inventory:

Hand Weapons
 a - a +1 war axe of flaming (weapon)
 v - a +3 mace of freezing
Armour
 b - a +0 scale mail
 f - a +0 pair of boots (worn)
 t - a +0 troll leather armour {Pargi}
 u - a +0 plate armour (worn)
 w - a +2 buckler (worn)
Jewellery
 h - a ring of positive energy
 q - a +6 ring of dexterity (left hand)
Wands
 c - a wand of mindburst (10)
 d - a wand of flame (29)
 j - a wand of iceblast (6)
 s - a wand of paralysis (4)
Scrolls
 e - 2 scrolls of immolation
 i - 2 scrolls of teleportation
 m - 2 scrolls of fog
 p - 2 scrolls of vulnerability
 r - 4 scrolls of identify
Potions
 g - a potion of curing
 k - a potion of enlightenment
 n - a potion of lignification
 o - a potion of resistance


   Skills:
 * Level 8.1 Fighting
 * Level 12.5 Axes
 * Level 9.2 Armour
 - Level 0.4 Dodging
 + Level 5.4 Shields


You had 9 spell levels left.
You didn't know any spells.
Your spell library contained the following spells:

 Spells                   Type           Power      Damage    Failure   Level
 Mercury Vapours          Alch/Air       0%         N/A       80%         2
 Mephitic Cloud           Conj/Alch/Air  0%         N/A       95%         3
 Freezing Cloud           Conj/Ice/Air   0%         6-21      100%        5


Dungeon Overview and Level Annotations

Branches:
Dungeon (10/15)            Temple (1/1) D:7            Lair (0/5) D:8
  Sewer (visited)
    Orc: D:9-12

Altars:
Ashenzari
Cheibriados
Dithmenos
Elyvilon
Fedhas
Gozag
Hepliaklqana
Kikubaaqudgha
Makhleb
Nemelex Xobeh
Okawaru
Qazlal
Ru
Sif Muna
Trog
Uskayaw
Vehumet
Wu Jian
Xom
Yredelemnul
Zin
The Shining One

Shops:
D:2 [!   D:4 (:   D:8 *

Annotations:
D:4 2 transporters, jasper's ghost, amateur DjSh


Innate Abilities, Weirdness & Mutations

Your spellcasting is much less encumbered by armour.
You can use scrolls of enchantment on lesser artefacts.


Message History

You block the troll's attack.
You closely miss the troll.
The troll is heavily wounded.
The troll bites you! The troll claws you. You block the troll's attack.
You completely miss the troll.
The troll is moderately wounded.
The troll bites you! The troll barely misses you. You block the troll's attack.
You slash the troll! You burn the troll.
The troll is severely wounded.
You block the troll's attack. The troll claws you.
* * * LOW HITPOINT WARNING * * *
The troll claws you but does no damage.
You slash the troll! You burn the troll.
The troll is almost dead.
The troll bites you but does no damage. The troll claws you but does no damage.
You block the troll's attack.
You barely miss the troll.
The troll is almost dead.
You block the troll's attack. The troll claws you!
* * * LOW HITPOINT WARNING * * *
The troll claws you.
* * * LOW HITPOINT WARNING * * *
You feel better. The troll bites you.
* * * LOW HITPOINT WARNING * * *
You block the troll's attack. x2
You are confused.
You feel invigorated. The troll bites you but does no damage.
The troll claws you!
* * * LOW HITPOINT WARNING * * *
The troll claws you.
* * * LOW HITPOINT WARNING * * *
You closely miss the troll.
The troll is almost dead.
You bump into the rock wall.
The troll bites you but does no damage. The troll claws you but does no damage.
The troll claws you!
* * * LOW HITPOINT WARNING * * *
You bump into the rock wall.
The troll bites you!
* * * LOW HITPOINT WARNING * * *
The troll claws you but does no damage. The troll claws you.
You die...

...... ... ..... ....
.... #.. .... ...
#...##... ..# #...#...#
#.## #.......###..#
###......
#.......T@...##........
#..............#......
#...................
##...........##.....
#..#.#........#....
#....##..........#
#..........###.).# .
#................# ..
##.............).# ...


You could see a troll.

Vanquished Creatures
  A two-headed ogre (D:9)
  Pikel (D:5)
  A troll (D:7)
  A hornet (D:9)
  A shadow (D:7)
  A wyvern (D:8)
  A water moccasin (D:7)
  Duvessa (D:7)
  An orc warrior (D:8)
  Pargi (Sewer)
  A sky beast (D:6)
  2 black bears
  3 ice beasts
  A centaur (D:7)
  A phantom (D:4)
  3 lemures (D:5)
  3 kobold brigands
  A brain worm (Sewer)
  2 bullfrogs
  3 scorpions
  A gnoll sergeant (D:7)
  7 wights (D:7)
  Dowan (D:7)
  2 howler monkeys (D:7)
  A gnoll bouda (D:7)
  2 orc priests (D:8)
  2 hounds (D:5)
  4 jellies
  4 iguanas
  6 orc wizards
  A sleepcap (D:5)
  Ijyb (D:5)
  7 gnolls
  10 adders
  3 shadow imps
  6 ufetubi
  A dart slug (D:2)
  4 ribbon worms
  30 orcs
  3 ball pythons
  4 endoplasms
  2 giant cockroaches
  4 goblins
  4 hobgoblins
  3 jackals (D:4)
  25 kobolds
  7 quokkas
  13 bats
  3 frilled lizards
  3 rats
  A butterfly (D:7)
195 creatures vanquished.

Vanquished Creatures (others)
  A sky beast (D:7)
1 creature vanquished.

Grand Total: 196 creatures vanquished

Notes
Turn   | Place    | Note
-------+----------+-------------------------------------------
     0 | D:1      | trashops the Mountain Dwarf Fighter began the quest for the
                  | Orb.
     0 | D:1      | Reached XP level 1. HP: 19/19 MP: 1/1
   124 | D:1      | Reached XP level 2. HP: 26/26 MP: 2/2
   613 | D:2      | Reached XP level 3. HP: 31/31 MP: 3/3
   671 | D:2      | Found Okiasaol's Armour Shoppe.
  1010 | D:2      | Found Ymiasoukom's Distillery.
  1018 | D:2      | Bought a potion of haste for 110 gold pieces
  1018 | D:2      | Bought a potion of heal wounds for 55 gold pieces
  1102 | D:2      | Reached skill level 3 in Axes
  2051 | D:4      | Noticed a phantom
  2051 | D:4      | Found Jirinn's Antique Weapon Shoppe.
  2076 | D:4      | Killed a phantom
  2077 | D:4      | Reached skill level 4 in Axes
  2077 | D:4      | Reached XP level 4. HP: 31/40 MP: 4/4
  2077 | D:4      | Reached XP level 5. HP: 35/46 MP: 5/5
  2247 | D:4      | Found Qukkaqoc's Vocational Training.
  2365 | D:4      | Found a transporter.
  2381 | D:4      | Noticed jasper's ghost (amateur DjSh)
  2399 | D:4      | Found a transporter.
  2762 | D:5      | Entered Level 5 of the Dungeon
  2763 | D:5      | Noticed Ijyb
  2777 | D:5      | Killed Ijyb
  2778 | D:5      | Reached skill level 5 in Axes
  2868 | D:5      | Noticed a lemure
  2868 | D:5      | Noticed a lemure
  2889 | D:5      | Killed a lemure
  2890 | D:5      | Killed a lemure
  2957 | D:5      | Reached XP level 6. HP: 51/52 MP: 6/6
  2990 | D:5      | Found a broken altar of Ashenzari.
  3015 | D:5      | Reached skill level 5 in Armour
  3155 | D:5      | Identified the +2 whip of the Sheltering Wolf {holy, rPois
                  | Str+3 Int-2 Dex+2}
  3484 | D:5      | Reached skill level 6 in Axes
  3534 | D:5      | Noticed Pikel
  3579 | D:5      | Reached XP level 7. HP: 51/60 MP: 7/7
  3592 | D:5      | Killed Pikel
  3593 | D:5      | Reached skill level 5 in Fighting
  3593 | D:5      | Reached skill level 7 in Axes
  3593 | D:5      | Reached XP level 8. HP: 45/68 MP: 8/8
  4041 | D:6      | Found a glowing drain.
  4053 | Sewer    | Entered a sewer
  4095 | Sewer    | Noticed Pargi
  4106 | Sewer    | Killed Pargi
  4107 | Sewer    | Reached skill level 8 in Axes
  4385 | D:6      | Reached skill level 9 in Axes
  5134 | D:7      | Reached XP level 9. HP: 63/74 MP: 9/9
  5233 | D:7      | Reached skill level 10 in Axes
  5373 | D:7      | Found a staircase to the Ecumenical Temple.
  5524 | Temple   | Entered the Ecumenical Temple
  5561 | Temple   | Became a worshipper of Warmaster Okawaru
  5610 | D:7      | Noticed a troll
  5619 | D:7      | Killed a troll
  5620 | D:7      | Reached skill level 11 in Axes
  5620 | D:7      | Reached skill level 5 in Shields
  6039 | D:7      | Noticed Dowan
  6041 | D:7      | Noticed Duvessa
  6045 | D:7      | Killed Duvessa
  6057 | D:7      | Killed Dowan
  6175 | D:8      | Reached * piety under Okawaru
  6336 | D:8      | Found a staircase to the Lair.
  6533 | D:8      | Reached skill level 12 in Axes
  6533 | D:8      | Reached XP level 10. HP: 88/88 MP: 10/10
  6612 | D:8      | Found Xagguesk's Neck Hole.
  7240 | D:10     | Entered Level 10 of the Dungeon
  7704 | D:9      | Noticed a two-headed ogre
  7709 | D:9      | Killed a two-headed ogre
  7856 | D:9      | HP: 3/88 [troll (9)]
  7856 | D:9      | Slain by a troll

Illustrated notes

Levels and vault maps discovered:
D:1:      eino_arrival_cavern_e, layout_basic,
          amcnicky_mini_rare_corridor_liquid, dreamdust_wishing_well,
          chequers_avenue
D:2:      layout_basic, serial_shops, nicolae_shop_advertising_works
          [nicolae_subvault_shop_adworks], nicolae_shop_tiny_statue_garden,
          minmay_tetromino_s4
D:3:      layout_loops_cross
D:4:      layout_loops_ring, gammafunk_ghost_stat_death, serial_shops, shop,
          nicolae_shop_vocational
D:5:      layout_loops_ring, nicolae_ashenzari_panopticon, uniq_pikel, uniq_ijyb
D:6:      minmay_skewed_foursquare, layout_cave_pools, gup_sewer_entry_bubbles,
          kennysheep_generic_room_4
D:7:      layout_rooms, minmay_temple_entry_butterflies, uniq_duvessa
D:8:      layout_basic, lair_entry_dummy, nicolae_shop_sticking_my_neck_out
D:9:      layout_cave_pools, kennysheep_generic_room_6
D:10:     layout_gridville, serial_shops, nicolae_shop_bloodbath_and_beyond,
          grunt_decor_fettered
Temple:   mainiacjoe_temple_hex_bubbles

Skill      XL: |  1  2  3  4  5  6  7  8  9 10 |
---------------+-------------------------------+-----
Axes           | 4 5 6 7 9 12 | 12.5
Armour         | 4 5 6 7 8 9 |  9.2
Fighting       | 4 5 6 7 8 |  8.1
Shields        | 4 5 |  5.4
Dodging        | |  0.4

Action                     |  1- 3 |  4- 6 |  7- 9 | 10-12 || total
---------------------------+-------+-------+-------+-------++-------
  Melee: War axe           |   168 |   144 |   286 |    59 ||   657
    Use: Scroll            |     7 |       |     6 |       ||    13
         Potion            |     4 |     3 |     7 |     4 ||    18
 Armour: Scale mail        |   163 |   132 |   241 |    33 ||   569
         Plate armour      |       |       |       |    40 ||    40
  Dodge: Dodged            |    99 |    72 |   142 |    27 ||   340
  Block: Buckler           |    34 |    49 |    85 |    39 ||   207

Table legend: (Time is in decaauts)
 A = Elapsed time spent in this place.
 B = Non-inter-level travel time spent in this place.
 C = Inter-level travel time spent in this place.
 D = Time resting spent in this place.
 E = Time spent auto-exploring this place.
 F = Levels seen in this place.
 G = Mean time per level.
                   A        B        C        D        E       F      G
               +--------+--------+--------+--------+--------+-----+--------+
         Total |   7996 |   7714 |    282 |    865 |   5174 |  12 |  666.3 |
       Dungeon |   7787 |   7530 |    257 |    865 |   5114 |  10 |  778.7 |
        Temple |     63 |     38 |     25 |      0 |      0 |   1 |   63.0 |
         Sewer |    145 |    145 |      0 |      0 |     60 |   1 |  145.0 |
               +--------+--------+--------+--------+--------+-----+--------+

Top non-repeatable levels by time:
     D:5: 1138 daAuts
     D:6: 1121 daAuts
     D:8: 1082 daAuts
     D:7: 953 daAuts
     D:2: 942 daAuts
     D:4: 735 daAuts
     D:3: 625 daAuts
     D:1: 540 daAuts
     D:9: 441 daAuts
    D:10: 206 daAuts
   Sewer: 145 daAuts
  Temple: 63 daAuts
